 Dungeon Crawl Stone Soup version 0.30-a0-335-ge5acde7520 (webtiles) character file.

Game seed: 5661494813523053779

107 billz999 the Changer (level 4, -3/31 HPs)
             Began as a Vampire Earth Elementalist on Oct 31, 2022.
             Slain by a gnoll
             ... wielding a +0 flail
              (8 damage)
             ... on level 3 of the Dungeon.
             The game lasted 00:04:01 (2410 turns).

billz999 the Changer (Vampire Earth Elementalist)   Turns: 2410, Time: 00:04:01

Health: -3/31      AC:  2    Str:  7    XL:     4   Next: 56%
Magic:  5/7        EV: 12    Int: 19    God:
Gold:   142        SH:  0    Dex: 14    Spells: 6/7 levels left

rFire   + . .      SeeInvis +    o - +1 dagger (venom)
rCold   . . .      Faith    .    (no shield)
rNeg    . . .      Spirit   .    a - +0 robe
rPois   .          Reflect  .    (no helmet)
rElec   .          Harm     .    (no cloak)
rCorr   .          Rampage  .    (no gloves)
Will    .....                    (no boots)
Stlth   ++........               (no amulet)
HPRegen 0.45/turn                l - ring of protection from fire
MPRegen 0.10/turn                (no ring)

@: about to teleport, healing quickly
A: alive, fangs 3, see invisible, vampiric 2
a: Exsanguinate


You were on level 3 of the Dungeon.
You visited 1 branch of the dungeon, and saw 3 of its levels.

You collected 142 gold pieces.

Inventory:

Hand Weapons
 d - a +0 dagger
 g - a +1 dagger of holy wrath
 o - a +1 dagger of venom (weapon)
Missiles
 e - 3 throwing nets
Armour
 a - a +0 robe (worn)
 q - an orb of mayhem
Magical Staves
 j - a staff of cold
Jewellery
 l - a ring of protection from fire (left hand)
 n - a ring of protection from cold
Wands
 m - a wand of flame (11)
Scrolls
 f - 2 scrolls of enchant weapon {unknown}
 h - a scroll of magic mapping {unknown}
 k - a scroll of noise {unknown}
 r - a scroll of immolation {unknown}
Potions
 b - 2 potions of magic
 p - a potion of brilliance {unknown}


   Skills:
 + Level 0.7 Fighting
 + Level 3.1 Short Blades
 - Level 2.1 Dodging
 - Level 3.0 Stealth
 - Level 2.0 Spellcasting
 + Level 3.3 Transmutations
 - Level 3.0 Earth Magic


You had 6 spell levels left.
You knew the following spells:

 Your Spells              Type           Power      Damage    Failure   Level
a - Sandblast             Erth           26%        2d8       4%          1

Your spell library contained the following spells:

 Spells                   Type           Power      Damage    Failure   Level
 Passwall                 Tmut/Erth      10%        N/A       7%          2
 Stone Arrow              Conj/Erth      14%        3d7       26%         3
 Petrify                  Tmut/Erth      13%        N/A       43%         4
 Dazzling Flash           Conj/Hex       2%         N/A       45%         3
 Iskenderun's Mystic Bla  Conj/Tloc      1%         2d3       86%         4
 Starburst                Conj/Fire      0%         6d3       100%        6


Dungeon Overview and Level Annotations

Branches:
Dungeon (3/15)

Altars:
Cheibriados

Annotations:
D:3 3 runed translucent doors, KarmaKiller's ghost, amateur NaEn; Palms's ghost, amateur GnWn; RKaid's ghost, novice DsWn; lunkers's ghost, amateur MeRe; sirJeffrey23's ghost, amateur FoFi


Innate Abilities, Weirdness & Mutations

Your natural rate of healing is accelerated.
You have razor-sharp teeth.
You have supernaturally acute eyesight. (SInv)
You are afflicted with vampirism and can become a bat while bloodless.


Message History

You closely miss the adder.
The adder is almost dead.
You feel sick. The adder misses you.
Casting: Sandblast (safe; 4% risk of failure)
Confirm with . or Enter, or press ? or * to list all spells.
Aiming: Sandblast (safe; 4% risk of failure)
Press: ? - help, Shift-Dir - straight line, f/p - adder
Aim: an adder (almost dead, 70% to hit)
The blast of sand hits the adder!
You kill the adder!
You feel sick.
The gnoll throws a throwing net.
The throwing net barely misses you.
Casting: Sandblast (safe; 4% risk of failure)
Confirm with . or Enter, or press ? or * to list all spells.
Aiming: Sandblast (safe; 4% risk of failure)
Press: ? - help, Shift-Dir - straight line, f - gnoll
Aim: a gnoll, wielding a +0 flail (84% to hit)
You miscast Sandblast.
You are very lightly contaminated with residual magic.
Nothing appears to happen.
You feel sick.
Unknown command.
You hit the gnoll but do no damage.
The gnoll is poisoned.
You feel sick. The gnoll hits you with a +0 flail.
You hit the gnoll but do no damage.
You feel sick. The gnoll hits you with a +0 flail.
* * * LOW HITPOINT WARNING * * *
You feel sick.
You are no longer poisoned.
It was a potion of curing.
You feel better. The gnoll hits you with a +0 flail.
The gnoll attacks as you move away! The gnoll closely misses you.
You hit the gnoll but do no damage.
The gnoll is heavily wounded.
The gnoll hits you with a +0 flail!
* * * LOW HITPOINT WARNING * * *
Your magical contamination has completely faded away.
You feel better. The gnoll hits you with a +0 flail!
* * * LOW HITPOINT WARNING * * *
As you read the scroll of teleportation, it crumbles to dust.
You feel strangely unstable. The gnoll hits you with a +0 flail!
You die...

#.#.#.. #.......#.# .......
#.#######.. .......
#......[... .....<.
#############.#.. .......
#...(.# #####.#.. .......#####
#.....# #......#. ......g'...#
#.....# #......#.
.......##w####.....###....#.#.
.###### #†#wg@............#.#.
#.................#.#.
##......_......####.#.
##...............#.#.
#(..........#.#...#.
####.....####.###.## #.....#
#.# #... #.....####†# ####
###^.......#


You could see a worm and a gnoll (poisoned).

Vanquished Creatures
  A mummy (D:3)
  2 gnolls (D:3)
  3 adders (D:3)
  A dart slug (D:1)
  An orc (D:3)
  2 endoplasms (D:2)
  2 giant cockroaches (D:2)
  4 hobgoblins
  4 kobolds
  3 quokkas
  4 ball pythons
  3 bats
  6 frilled lizards (D:2)
  8 goblins
  6 rats
50 creatures vanquished.

Vanquished Creatures (others)
  2 plants (D:2)
2 creatures vanquished.

Grand Total: 52 creatures vanquished

Notes
Turn   | Place    | Note
-------+----------+-------------------------------------------
     0 | D:1      | billz999 the Vampire Earth Elementalist began the quest for
                  | the Orb.
     0 | D:1      | Reached XP level 1. HP: 13/13 MP: 3/3
   225 | D:1      | Reached XP level 2. HP: 19/19 MP: 3/5
  1033 | D:2      | Reached skill level 1 in Short Blades
  1075 | D:2      | Gained mutation: You are afflicted with vampirism and can
                  | become a bat while bloodless. [Vampire growth]
  1075 | D:2      | Reached XP level 3. HP: 24/24 MP: 6/6
  1769 | D:3      | Found a runed translucent gate.
  1769 | D:3      | Found a runed translucent gate.
  1771 | D:3      | Noticed Palms's ghost (amateur GnWn)
  1772 | D:3      | Found a runed translucent gate.
  1772 | D:3      | Noticed sirJeffrey23's ghost (amateur FoFi)
  1773 | D:3      | Noticed RKaid's ghost (novice DsWn)
  1773 | D:3      | Noticed KarmaKiller's ghost (amateur NaEn)
  1774 | D:3      | Noticed lunkers's ghost (amateur MeRe)
  2099 | D:3      | Found a snail-covered altar of Cheibriados.
  2108 | D:3      | Reached XP level 4. HP: 31/31 MP: 0/7
  2410 | D:3      | Slain by a gnoll

Illustrated notes

Levels and vault maps discovered:
D:1:      shiori_shiawase, layout_basic
D:2:      layout_loops_ring, minmay_lizard_king
D:3:      layout_basic, slow_altar_1, serial_co_window_serial,
          co_window_paths_a, co_window_corner_a, co_window_of_opportunity_a,
          co_window_corner_a, co_window_corner_a, co_window_paths_a,
          co_window_of_opportunity_a, co_window_paths_c, co_window_2corner,
          co_window_unsneaky_path_c, glass_columns_b, glass_columns_b,
          gammafunk_ghost_cemetery

Skill      XL: |  1  2  3  4 |
---------------+-------------+-----
Transmutations | 2 3 |  3.3
Short Blades   | 1 2 3 |  3.1
Fighting       | |  0.7
Dodging        | |  2.1
Stealth        | |  3.0
Spellcasting   | |  2.0
Earth Magic    | |  3.0

Action                   |  1- 3 |  4- 6 || total
-------------------------+-------+-------++-------
Melee: Dagger            |    52 |    20 ||    72
       Bite              |     4 |     1 ||     5
 Cast: Sandblast         |    55 |     3 ||    58
  Use: Scroll            |     1 |     1 ||     2
       Potion            |       |     2 ||     2
 Stab: Sleeping          |     6 |       ||     6
Armor: Robe              |    11 |     3 ||    14
Dodge: Dodged            |    49 |    15 ||    64

Table legend: (Time is in decaauts)
 A = Elapsed time spent in this place.
 B = Non-inter-level travel time spent in this place.
 C = Inter-level travel time spent in this place.
 D = Time resting spent in this place.
 E = Time spent auto-exploring this place.
 F = Levels seen in this place.
 G = Mean time per level.
                   A        B        C        D        E       F      G
               +--------+--------+--------+--------+--------+-----+--------+
         Total |   2432 |   2368 |     64 |    210 |   1782 |   3 |  810.7 |
       Dungeon |   2432 |   2368 |     64 |    210 |   1782 |   3 |  810.7 |
               +--------+--------+--------+--------+--------+-----+--------+

Top non-repeatable levels by time:
     D:2: 936 daAuts
     D:1: 884 daAuts
     D:3: 611 daAuts
